 Dungeon Crawl Stone Soup version 0.23.2-1-ga50397a6bc (webtiles) character file.

Game seed: 17696409096419336607

87789 Gargoyl the Markscentaur (level 15, -6/135 HPs)
             Began as a Centaur Abyssal Knight on Apr 20, 2019.
             Was the Champion of Lugonu.
             Mangled by a ghoul (20 damage)
             ... on level 14 of the Dungeon.
             The game lasted 01:11:29 (32798 turns).

Gargoyl the Markscentaur (Centaur Abyssal Knight)  Turns: 32798, Time: 01:11:29

Health: -6/135     AC: 24    Str: 24    XL:     15   Next: 44%
Magic:  18/18      EV:  4    Int: 11    God:    Lugonu [******]
Gold:   1652       SH:  3    Dex: 11    Spells: 14/14 levels left

rFire    + . .     SeeInvis .   y - +3 war axe (elec)
rCold    + . .     Gourm    .   (no shield)
rNeg     + + .     Faith    .   X - +1 chain mail {rF+}
rPois    .         Spirit   .   M - +0 helmet "Gumneliy" {rN++} (curse)
rElec    .         Reflect  +   B - +0 cloak
rCorr    .         Harm     .   (no gloves)
MR       +....                  p - +3 centaur barding
Stlth    ..........             I - +3 amulet of reflection
HPRegen  0.32/turn              o - +5 ring of strength
MPRegen  0.16/turn              C - ring of protection from cold

@: very quick
A: large, hooves 3, deformed body, speed 2, tough skin 3, MP-powered wands
a: Depart the Abyss, Bend Space, Banish, Corrupt, Enter the Abyss, Brand Weapon
With Distortion, Renounce Religion


You were on level 14 of the Dungeon.
You worshipped Lugonu.
Lugonu was exalted by your worship.
You were not hungry.

You visited 2 branches of the dungeon, and saw 20 of its levels.
You visited the Abyss 1 time.
You also visited: Sewer, Ossuary and Bailey.

You collected 2049 gold pieces.
You spent 397 gold pieces at shops.

Inventory:

Hand Weapons
 a - a +1 hand axe
 e - a +5 shortbow of velocity
 m - the +9 trident of Honour {pierce, rF- MP+9 Str+4}
   (You found it on level 6 of the Lair of Beasts)

   It inflicts extra damage upon your enemies.
   It affects your strength (+4).
   It makes you vulnerable to fire.
   It affects your magic capacity (+9).
 n - a +5 hand axe of draining
 y - a +3 war axe of electrocution (weapon)
 R - the +7 shortbow of Exchange {venom, rElec rC- MR+}
   (You found it on level 9 of the Dungeon)

   It poisons the ammo it fires.
   It makes you vulnerable to cold.
   It insulates you from electricity.
   It affects your resistance to hostile enchantments.
Missiles
 E - 2 javelins of returning (quivered)
 Z - 130 arrows
Armour
 i - a +0 buckler
 p - a +3 centaur barding (worn)
 B - a +0 cloak (worn)
 M - the cursed +0 helmet "Gumneliy" (worn) {rN++}
   (You bought it in a shop on level 5 of the Dungeon)

   It greatly protects you from negative energy.
   It has a curse placed upon it.
 X - a +1 chain mail of fire resistance (worn)
Jewellery
 o - a +5 ring of strength (left hand)
 C - a ring of protection from cold (right hand)
 I - a +3 amulet of reflection (around neck)
 P - an uncursed ring of flight
 S - a +4 ring of dexterity
Wands
 t - a wand of flame (31)
 x - a wand of paralysis (7)
 D - a wand of iceblast (24)
 N - a wand of random effects (20)
 O - a wand of digging (8)
 V - a wand of clouds (7)
 W - a wand of polymorph (13)
Scrolls
 b - 4 scrolls of fog
 g - 7 scrolls of amnesia
 l - 6 scrolls of identify
 r - 2 scrolls of magic mapping
 s - 2 scrolls of blinking
 z - 13 scrolls of teleportation
 A - 14 scrolls of remove curse
 J - a scroll of silence
Potions
 d - 14 potions of curing
 h - 7 potions of ambrosia
 k - 4 potions of might
 q - 3 potions of cancellation
 u - 4 potions of brilliance
 v - 4 potions of flight
 w - 4 potions of haste
 F - 2 potions of heal wounds
 G - 3 potions of mutation
 H - 2 potions of magic
 K - a potion of berserk rage
 Q - 2 potions of agility
 U - a potion of resistance
 Y - 2 potions of invisibility
Miscellaneous
 T - a lightning rod (4/4)
Comestibles
 c - 33 rations


   Skills:
 + Level 13.1 Fighting
 + Level 6.5 Axes
 + Level 18.2 Bows
 + Level 1.5 Throwing
 * Level 11.1 Armour
 - Level 0.6 Dodging
 * Level 9.1 Shields
 + Level 4.0 Invocations


You had 14 spell levels left.
You didn't know any spells.
Your spell library contained the following spells:

 Spells                   Type           Power        Failure   Level  Hunger
 Beastly Appendage        Tmut           #.....       87%         1    ##.....
 Confusing Touch          Hex            #.....       87%         1    ##.....
 Sandblast                Erth           #.....       87%         1    ##.....
 Summon Small Mammal      Summ           #...         87%         1    ##.....
 Call Imp                 Summ           #.......     95%         2    ###....
 Passwall                 Tmut/Erth      #.......     95%         2    ###....
 Poisonous Vapours        Pois/Air       #.....       95%         2    ###....
 Sticks to Snakes         Tmut           #.......     95%         2    ###....
 Call Canine Familiar     Summ           #.......     99%         3    ####...
 Confuse                  Hex            #.......     99%         3    ####...
 Conjure Flame            Conj/Fire      #.......     99%         3    ####...
 Gell's Gravitas          Tloc           #.........   99%         3    ####...
 Mephitic Cloud           Conj/Pois/Air  #.......     99%         3    ####...
 Spider Form              Tmut/Pois      #.........   99%         3    ####...
 Stone Arrow              Conj/Erth      #.....       99%         3    ####...
 Summon Guardian Golem    Hex/Summ       #.......     99%         3    ####...
 Ice Form                 Ice/Tmut       #.......     100%        4    #####..
 Petrify                  Tmut/Erth      #.......     100%        4    #####..
 Summon Ice Beast         Ice/Summ       #.......     100%        4    #####..
 Summon Lightning Spire   Summ/Air       #.......     100%        4    #####..
 Blade Hands              Tmut           #.........   100%        5    ######.
 Lee's Rapid Deconstruct  Erth           #.........   100%        5    ######.
 Metabolic Englaciation   Hex/Ice        #.........   100%        5    ######.
 Yara's Violent Unravell  Hex/Tmut       #.........   100%        5    ######.
 Freezing Cloud           Conj/Ice/Air   #.........   100%        6    #######
 Ring of Flames           Chrm/Fire      #.........   100%        7    #######


Dungeon Overview and Level Annotations

Branches:
Dungeon (14/15)            Temple (0/1) D:7            Lair (6/6) D:9
 Shoals (0/4) Lair:3        Snake (0/4) Lair:3        Slime (0/5) Lair:6
    Orc (0/2) D:10         Vaults (0/5) D:14

Altars:
Cheibriados
Elyvilon
Fedhas
Gozag
Makhleb
Okawaru
Uskayaw
Vehumet
Xom
Zin
Jiyva

Shops:
D:4 ?[*   D:5 [*(**   D:7 [   D:10 :

Annotations:
D:12 2 transporters, duruk's ghost, novice FeVM
Lair:4 2 transporters


Innate Abilities, Weirdness & Mutations

You have hooves in place of feet.
Armour fits poorly on your strangely shaped body.
You cover ground very quickly.
You have extremely tough skin. (AC +3)
You expend magic power (3 MP) to strengthen your wands.


Message History

You block the ghoul's attack. The ghoul barely misses you.
You hit the ghoul but do no damage. You kick the ghoul!
The ghoul is heavily damaged.
The ghoul claws you but does no damage. x3; The ghoul claws you!
You barely miss the ghoul. You kick the ghoul!
The ghoul is heavily damaged.
The ghoul claws you but does no damage. The ghoul claws you.
You barely miss the ghoul. You kick the ghoul!
The ghoul is severely damaged.
The ghoul claws you! The ghoul claws you but does no damage.
You closely miss the ghoul. Your kick misses the ghoul.
The ghoul is severely damaged.
The ghoul claws you!!
* * * LOW HITPOINT WARNING * * *
The ghoul claws you!
* * * LOW HITPOINT WARNING * * *
You hit the ghoul but do no damage. You kick the ghoul!
The ghoul is severely damaged.
The ghoul claws you!!
You die...

#..######u(..
###..#(..u.....
#........# #....#..##
..... . #....#(## ... .
#....#(## ###'### ##.
#....'(.####.....####..
#....#n..##.#...#.##...
#....#@...#.......#....
#....#....'...∩...'....
#.........#.......#....
####.....##.#...#.##...
#....####.....####..
#...## ###'### ##.
#...## ##...## ##.
#..).####.....####..
#.....##.......##...


You could see a ghoul.

Vanquished Creatures
  Jorgrun (D:13)
  Frances (D:13)
  Gastronok (Lair:1)
  2 ghouls
  Nessos (Lair:5)
  6 dire elephants (Lair:6)
  2 vault guards (D:13)
  10 hydras
  An anaconda (Lair:6)
  Erolcha (D:12)
  A centaur warrior (D:12)
  A catoblepas (Lair:3)
  2 two-headed ogres
  A death yak (Lair:6)
  Urug (Lair:1)
  3 skeletal warriors (D:13)
  A glowing orange brain (shapeshifter) (D:14)
  Pikel (D:7)
  A wolf spider zombie (D:14)
  A deep elf mage (D:13)
  3 cyclopes
  10 ugly things
  3 oklob plants (Lair:6)
  A manticore (D:14)
  29 elephants
  14 spiny frogs
  3 black mambas
  A yaktaur (D:13)
  10 komodo dragons
  3 rime drakes
  A guardian mummy (D:13)
  4 trolls
  A polar bear (Lair:1)
  A hornet (D:13)
  6 slime creatures (D:13)
  7 hippogriffs
  12 blink frogs
  A meliai zombie (D:14)
  7 dream sheep (Lair:6)
  Sigmund (D:3)
  2 shadows
  A golden eye (shapeshifter) (D:13)
  7 wyverns
  32 yaks
  A steam dragon (D:11)
  9 basilisks
  Grum (Lair:1)
  Menkaure (Ossuary)
  4 nagas (Lair:3)
  22 water moccasins
  3 acid dragons
  2 ice beasts
  9 porcupines
  A hornet zombie (D:14)
  8 sky beasts
  3 black bears
  A necrophage (D:10)
  8 orc warriors
  7 phantoms
  3 ogres
  2 slaves (D:7)
  13 centaurs
  13 wolves
  14 crocodiles
  A big kobold (D:12)
  15 bullfrogs
  A wyvern zombie (D:14)
  5 scorpions
  3 wights
  An electric eel (Lair:6)
  7 howler monkeys
  9 crimson imps
  A quasit (D:6)
  8 centaur zombies
  2 bullfrog zombies
  3 centaur skeletons
  10 orc priests
  A human zombie (Ossuary)
  6 hounds
  A bullfrog skeleton (D:12)
  7 jellies
  19 orc wizards
  Jessica (D:3)
  4 iguanas
  6 hell rats
  9 worker ants
  Natasha (twice) (D:3)
  3 ogre zombies (Ossuary)
  10 mummies
  A hound skeleton (D:7)
  Robin (D:3)
  2 howler monkey zombies
  6 gnolls
  2 worker ant zombies
  20 adders
  3 shadow imps
  4 oozes
  An adder skeleton (D:4)
  5 adder zombies
  7 worms
  6 leopard geckos
  59 orcs
  7 ball pythons
  6 giant cockroaches
  17 goblins
  11 hobgoblins
  3 jackals (D:9)
  28 kobolds
  3 quokkas
  A ball python zombie (D:5)
  5 bats
  2 frilled lizards (D:1)
  A gnoll zombie (Ossuary)
  5 goblin zombies
  3 hobgoblin zombies
  A kobold zombie (Ossuary)
  A leopard gecko skeleton (D:6)
  A quokka skeleton (D:6)
  8 quokka zombies (Ossuary)
  10 rats
  4 rat zombies (Ossuary)
  3 fungi (Lair:6)
  3 plants (Lair:6)
699 creatures vanquished.

Vanquished Creatures (others)
  An unseen horror (D:13)
  2 oklob plants (Lair:6)
  An elephant (Lair:6)
  A komodo dragon (Lair:6)
  2 bushes (Lair:6)
  16 fungi
  13 plants
36 creatures vanquished.

Grand Total: 735 creatures vanquished

Notes
Turn   | Place    | Note
-------+----------+-------------------------------------------
     0 | Abyss:1  | Gargoyl the Centaur Abyssal Knight began the quest for the
                  | Orb.
     0 | Abyss:1  | Reached XP level 1. HP: 19/19 MP: 2/2
    76 | Abyss:3  | Noticed a golden dragon simulacrum
   103 | Abyss:4  | Found a corrupted altar of Lugonu.
   171 | Abyss:4  | Noticed a small abomination
   216 | Abyss:4  | Noticed an orange demon
   219 | Abyss:4  | Noticed a large abomination
   225 | Abyss:4  | Noticed a tentacled starspawn
   227 | D:1      | Escaped the Abyss
   266 | D:1      | Reached * piety under Lugonu
   297 | D:1      | Reached XP level 2. HP: 24/26 MP: 3/3
   631 | D:1      | Reached XP level 3. HP: 31/31 MP: 4/4
   951 | D:2      | Reached skill level 1 in Bows
  1010 | D:2      | You fall through a shaft!
  1010 | D:3      | Found a burning altar of Makhleb.
  1326 | D:2      | Reached skill level 2 in Bows
  1326 | D:2      | Reached skill level 1 in Shields
  1326 | D:2      | Reached XP level 4. HP: 32/38 MP: 5/5
  1591 | D:3      | Noticed Natasha
  1596 | D:3      | Killed Natasha
  1844 | D:2      | Reached ** piety under Lugonu
  1872 | D:3      | Reached skill level 3 in Bows
  1882 | D:3      | Reached XP level 5. HP: 45/45 MP: 6/6
  1971 | D:3      | Noticed Natasha
  1981 | D:3      | Killed Natasha
  2003 | D:3      | Found an iron altar of Okawaru.
  2142 | D:3      | Noticed Sigmund
  2149 | D:3      | Killed Sigmund
  2149 | D:3      | Reached skill level 4 in Bows
  2149 | D:3      | Reached XP level 6. HP: 42/52 MP: 7/7
  2242 | D:3      | Noticed Jessica
  2244 | D:3      | Killed Jessica
  2351 | D:3      | Noticed Robin
  2370 | D:3      | Killed Robin
  2572 | D:4      | Found Iqoagy's Magic Scroll Emporium.
  2580 | D:4      | Bought a scroll of enchant weapon for 75 gold pieces
  2580 | D:4      | Bought a scroll of enchant weapon for 75 gold pieces
  2610 | D:4      | Reached skill level 5 in Bows
  2754 | D:4      | Reached *** piety under Lugonu
  2778 | D:4      | Reached XP level 7. HP: 59/59 MP: 8/8
  2829 | D:4      | Found Hoselyg's General Store.
  2884 | D:4      | Found Ritta's Armour Emporium.
  2910 | D:4      | Reached skill level 6 in Bows
  3439 | D:5      | Entered Level 5 of the Dungeon
  3489 | D:5      | Found Couriy's Weapon Shoppe.
  3502 | D:5      | Reached skill level 7 in Bows
  3502 | D:5      | Reached XP level 8. HP: 60/67 MP: 9/9
  3574 | D:5      | Found Oterrech's Armour Shop.
  3618 | D:5      | Found Awnutyesch's General Store.
  3636 | D:5      | Found Igobul's General Store.
  3701 | D:5      | Found Zuoppow's Assorted Antiques.
  3931 | D:5      | Reached skill level 8 in Bows
  4549 | D:6      | Reached skill level 5 in Fighting
  4612 | D:6      | Reached **** piety under Lugonu
  4612 | D:6      | Reached skill level 9 in Bows
  4966 | D:6      | Reached XP level 9. HP: 74/74 MP: 10/10
  5068 | D:6      | Found a glowing drain.
  5078 | Sewer    | Entered a sewer
  5805 | D:7      | Reached skill level 10 in Bows
  5908 | D:7      | Found an opulent altar of Gozag.
  5980 | D:7      | Reached ***** piety under Lugonu
  6320 | D:7      | Found Joezet's Antique Armour Boutique.
  6352 | D:7      | Found a staircase to the Ecumenical Temple.
  6413 | D:7      | Found a sand-covered staircase.
  6421 | Ossuary  | Entered an ossuary
  6654 | Ossuary  | Noticed Menkaure
  6662 | Ossuary  | Killed Menkaure
  7011 | Ossuary  | Reached skill level 5 in Armour
  7304 | D:7      | Reached skill level 11 in Bows
  7651 | D:7      | Noticed Pikel
  7674 | D:7      | Killed Pikel
  7674 | D:7      | Reached XP level 10. HP: 84/84 MP: 11/11
  8521 | D:5      | Bought the cursed +0 helmet "Gumneliy" {rN++} for 247 gold
                  | pieces
  8753 | D:8      | Found a snail-covered altar of Cheibriados.
  8753 | D:8      | Found a hide-covered altar of Uskayaw.
  8758 | D:8      | Found a glowing silver altar of Zin.
  8766 | D:8      | Found a blossoming altar of Fedhas.
  8769 | D:8      | Found a shimmering altar of Xom.
  9186 | D:9      | Reached skill level 12 in Bows
  9322 | D:9      | Got a crude shortbow
  9323 | D:9      | Identified the +7 shortbow of Exchange {venom, rElec rC-
                  | MR+} (You found it on level 9 of the Dungeon)
  9396 | D:9      | Reached skill level 5 in Shields
  9490 | D:9      | Found a staircase to the Lair.
  9976 | D:9      | Reached skill level 13 in Bows
 10184 | Lair:1   | Entered Level 1 of the Lair of Beasts
 10387 | Lair:1   | You fall through a shaft!
 10387 | Lair:2   | Noticed a spiny frog
 10415 | Lair:2   | Noticed a spiny frog
 10437 | Lair:2   | Killed a spiny frog
 10437 | Lair:2   | Reached XP level 11. HP: 88/92 MP: 12/12
 10584 | Lair:1   | Noticed Urug
 10584 | Lair:1   | Noticed a seven-headed hydra
 10629 | Lair:2   | Killed a seven-headed hydra
 11141 | Lair:2   | Reached skill level 14 in Bows
 11292 | Lair:1   | Noticed Grum
 11478 | Lair:1   | Killed Grum
 11505 | Lair:1   | Killed Urug
 11584 | Lair:1   | Noticed an eight-headed hydra
 11607 | Lair:1   | Killed an eight-headed hydra
 11770 | Lair:1   | Noticed Gastronok
 11783 | Lair:1   | Killed Gastronok
 11976 | Lair:1   | Reached skill level 15 in Bows
 12009 | Lair:1   | Reached ****** piety under Lugonu
 12009 | Lair:1   | Reached XP level 12. HP: 103/103 MP: 13/13
 12033 | Lair:1   | Noticed a five-headed hydra
 12040 | Lair:1   | Killed a five-headed hydra
 12874 | Lair:3   | Noticed a catoblepas
 12887 | Lair:3   | Killed a catoblepas
 12916 | Lair:3   | Found a radiant altar of Vehumet.
 12962 | Lair:3   | Noticed a six-headed hydra
 12984 | Lair:3   | Killed a six-headed hydra
 13002 | Lair:3   | Found a staircase to the Snake Pit.
 13323 | Lair:3   | Found a staircase to the Shoals.
 13453 | Lair:3   | Reached skill level 10 in Fighting
 13502 | Lair:3   | Reached skill level 16 in Bows
 14089 | Lair:4   | Noticed a five-headed hydra
 14097 | Lair:4   | Killed a five-headed hydra
 15695 | Lair:3   | Reached XP level 13. HP: 64/114 MP: 14/14
 16266 | Lair:4   | Found a transporter.
 16290 | Lair:4   | Found a transporter.
 16961 | Lair:5   | Reached skill level 5 in Axes
 17633 | Lair:5   | Noticed Nessos
 17639 | Lair:5   | Killed Nessos
 18746 | Lair:6   | Entered Level 6 of the Lair of Beasts
 19191 | Lair:6   | Reached skill level 17 in Bows
 19204 | Lair:6   | Found a white marble altar of Elyvilon.
 19390 | Lair:6   | Reached skill level 1 in Throwing
 20379 | Lair:6   | Reached XP level 14. HP: 125/125 MP: 16/16
 21169 | Lair:6   | Found a staircase to the Slime Pits.
 21169 | Lair:6   | Found a viscous altar of Jiyva.
 22907 | Lair:6   | Reached skill level 10 in Armour
 23871 | Lair:6   | Got a steaming trident
 23876 | Lair:6   | Identified the +9 trident of Honour {pierce, rF- MP+9
                  | Str+4} (You found it on level 6 of the Lair of Beasts)
 24057 | D:10     | Entered Level 10 of the Dungeon
 24172 | D:10     | Found a staircase to the Orcish Mines.
 24203 | D:10     | Found Cawuig's Book Boutique.
 26064 | D:12     | Found a flagged portal.
 26075 | D:12     | Noticed Erolcha
 26091 | D:12     | Killed Erolcha
 26136 | Bailey   | Entered a bailey
 26779 | D:12     | Found a transporter.
 26783 | D:12     | Noticed duruk's ghost (novice FeVM)
 26795 | D:12     | Found a transporter.
 27897 | D:13     | Noticed Frances
 27904 | D:13     | Gained mutation: You expend magic power (3 MP) to
                  | strengthen your wands. [a neqoxec]
 27918 | D:13     | Killed Frances
 28115 | D:13     | Noticed Jorgrun
 28530 | D:13     | Killed Jorgrun
 28530 | D:13     | Reached XP level 15. HP: 35/134 MP: 17/17
 29672 | D:12     | Reached skill level 18 in Bows
 32739 | D:14     | Found a gate to the Vaults.
 32798 | D:14     | Mangled by a ghoul

Skill      XL: |  1  2  3  4  5  6  7  8  9 10 11 12 13 14 15 |
---------------+----------------------------------------------+-----
Axes           | 2 3 4 5 6 |  6.5
Bows           | 2 3 4 5 7 9 11 13 15 16 17 18 | 18.2
Shields        | 1 2 3 4 5 6 7 8 9 |  9.1
Armour         | 2 3 4 5 7 8 9 10 11 | 11.1
Fighting       | 4 5 6 7 8 10 11 12 13 | 13.1
Throwing       | 1 |  1.5
Invocations    | 3 4 |  4.0
Dodging        | |  0.6

Action                   |  1- 3 |  4- 6 |  7- 9 | 10-12 | 13-15 || total
-------------------------+-------+-------+-------+-------+-------++-------
Melee: Hand axe          |    14 |    35 |    82 |    80 |   202 ||   413
       Kick              |     2 |    10 |    32 |    36 |   132 ||   212
       Shortbow          |       |       |       |       |    40 ||    40
       War axe           |       |       |       |       |    35 ||    35
 Fire: Shortbow          |    81 |    77 |   387 |   641 |  1296 ||  2482
Throw: Javelin           |       |       |       |       |    21 ||    21
Invok: Depart the Abyss  |     1 |       |       |       |       ||     1
       Bend Space        |       |       |       |     2 |    10 ||    12
       Banish            |       |       |       |       |     8 ||     8
Evoke: Wand              |       |       |       |     2 |     2 ||     4
  Use: Scroll            |     5 |    11 |     2 |    12 |    14 ||    44
       Potion            |     1 |     4 |       |       |     2 ||     7
  Eat: Ration            |       |     1 |     1 |     1 |     7 ||    10
       Chunk             |       |       |     9 |    16 |    23 ||    48
Armor: Leather armour    |     8 |       |       |       |       ||     8
       Plate armour      |    29 |    35 |   164 |   239 |   293 ||   760
       Chain mail        |       |       |       |       |   298 ||   298
Dodge: Dodged            |    10 |    11 |    26 |    43 |    99 ||   189
Block: Buckler           |     1 |     4 |       |       |       ||     5
       Other             |       |       |       |       |    36 ||    36
       Reflection        |       |       |       |       |     8 ||     8
